 Dungeon Crawl Stone Soup version 0.28.0-53-g5a82cb258f (webtiles) character file.

Game seed: 2657070574345537248

21423 issech the Basher (level 12, -7/95 HPs)
             Began as a Minotaur Monk on May 30, 2022.
             Was a Priest of Hepliaklqana.
             Engulfed by an efreet's flame (15 damage)
             ... on level 11 of the Dungeon.
             The game lasted 00:52:24 (15117 turns).

issech the Basher (Minotaur Monk)                  Turns: 15117, Time: 00:52:25

Health: -7/95      AC: 14    Str: 23    XL:     12   Next: 54%
Magic:  11/11      EV: 19    Int:  7    God:    Hepliaklqana [***...]
Gold:   1035       SH: 12    Dex: 17    Spells: 11/11 levels left

rFire   . . .      SeeInvis .   K - +4 flail
rCold   . . .      Faith    .   O - +0 kite shield
rNeg    . . .      Spirit   .   W - +3 ring mail {rPois}
rPois   +          Reflect  .   (helmet unavailable)
rElec   .          Harm     .   (no cloak)
rCorr   .          Rampage  .   h - +0 pair of gloves
Will    .....                   G - +1 pair of boots {Fly}
Stlth   ++........              z - amulet of regeneration
HPRegen 1.05/turn               i - +4 ring of evasion
MPRegen 0.12/turn               S - +6 ring of strength

@: flying
A: reduced essence, horns 3, retaliatory headbutt
a: Renounce Religion, Recall Ancestor, Ancestor Identity, Transference


You were on level 11 of the Dungeon.
You worshipped Hepliaklqana.
Hepliaklqana was most pleased with you.
You visited 2 branches of the dungeon, and saw 12 of its levels.

You collected 1049 gold pieces.
You spent 14 gold pieces at shops.

Inventory:

Hand Weapons
 a - a +2 dagger of venom
 b - a +3 trident
 e - a +3 dagger of chaos
 f - a +3 dagger of draining
 u - a +4 hand axe
 w - a +0 hunting sling
 E - a +0 hand crossbow
 K - a +4 flail (weapon)
 P - a +0 war axe
 V - a +1 short sword of protection
 Z - a +0 morningstar
Missiles
 l - 305 stones (quivered)
 p - 68 sling bullets
 A - 3 curare-tipped darts
 C - 14 poisoned darts
 D - 204 arrows
 I - 11 boomerangs
 J - 3 datura-tipped darts
 T - 80 bolts
 U - 4 javelins
Armour
 d - a +0 chain mail
 h - a +0 pair of gloves (worn)
 G - a +1 pair of boots of flying (worn)
 M - the +1 robe of the Disturbing Deaths {Str+4}
   (You found it on level 7 of the Dungeon)

   Str:       It affects your strength (+4).
 O - a +0 kite shield (worn)
 Q - a +1 robe of the Archmagi
 W - a +3 ring mail of poison resistance (worn)
Jewellery
 i - a +4 ring of evasion (left hand)
 m - a ring of resist corrosion
 z - an amulet of regeneration (around neck)
 F - a +4 ring of evasion
 S - a +6 ring of strength (right hand)
Wands
 r - a wand of flame (28)
 s - a wand of polymorph (1)
 t - a wand of digging (10)
 R - a wand of paralysis (10)
Scrolls
 g - a scroll of fog
 k - 2 scrolls of fear
 o - a scroll of enchant armour
 q - 2 scrolls of amnesia
 v - 3 scrolls of blinking
 x - a scroll of magic mapping
 y - a scroll of teleportation {unknown}
 H - 2 scrolls of brand weapon {unknown}
 N - 3 scrolls of enchant weapon {unknown}
 Y - 2 scrolls of summoning {unknown}
Potions
 c - a potion of attraction {unknown}
 j - 2 potions of might {unknown}
 n - 3 potions of lignification {unknown}
 B - 6 potions of curing {unknown}
 X - 2 potions of flight {unknown}
Miscellaneous
 L - a condenser vane


   Skills:
 + Level 10.1 Fighting
 + Level 8.2 Short Blades
 + Level 7.2(10.2) Axes
 + Level 10.8(11.8) Maces & Flails
 + Level 2.3(5.1) Polearms
 + Level 1.6 Throwing
 + Level 9.8 Armour
 + Level 9.4 Dodging
 + Level 4.5 Stealth
 + Level 9.2 Shields
 + Level 1.1 Unarmed Combat


You had 11 spell levels left.
You didn't know any spells.
Your spell library contained the following spells:

 Spells                   Type           Power      Damage    Failure   Level
 Foxfire                  Conj/Fire      0%         2x1d4     83%         1
 Conjure Flame            Conj/Fire      0%         6-21      99%         3
 Inner Flame              Hex/Fire       0%         N/A       99%         3
 Ozocubu's Armour         Ice            0%         N/A       99%         3
 Animate Dead             Necr           0%         N/A       100%        4
 Flame Wave               Conj/Fire      0%         2d4       100%        4
 Fulminant Prism          Conj/Hex       0%         3d6       100%        4
 Iskenderun's Mystic Bla  Conj/Tloc      0%         2d3       100%        4
 Borgnjor's Vile Clutch   Necr/Erth      0%         N/A       100%        5
 Lee's Rapid Deconstruct  Erth           0%         3d5*      100%        5
 Death Channel            Necr           0%         N/A       100%        6
 Ozocubu's Refrigeration  Ice            0%         4d5       100%        7


Dungeon Overview and Level Annotations

Branches:
Dungeon (11/15)            Temple (1/1) D:5            Lair (0/6) D:8
    Orc (0/2) D:11

Altars:
Ashenzari
Cheibriados
Dithmenos
Elyvilon
Fedhas
Gozag
Hepliaklqana
Kikubaaqudgha
Makhleb
Nemelex Xobeh
Okawaru
Qazlal
Ru
Sif Muna
Trog
Uskayaw
Vehumet
Wu Jian
Xom
Yredelemnul
Zin
The Shining One

Shops:
D:4 =   D:10 !

Portals:
Abyss: D:4

Annotations:
D:9 3 runed translucent doors


Innate Abilities, Weirdness & Mutations

Your life essence is reduced to manifest your ancestor. (-10% HP)
You have a pair of large horns on your head.
You reflexively headbutt those who attack you in melee.


Message History

There is an open door here.
You swap places.
You see here a +0 robe.
An efreet comes into view.
It is wielding a +3 scimitar of flaming.
The helpless efreet fails to defend itself.
You hit the efreet but do no damage. You headbutt the efreet!
The efreet is moderately wounded.
You block the efreet's attack.
You hit the efreet but do no damage.
The efreet is moderately wounded.
You block the efreet's attack.
You barely miss the efreet.
The efreet is moderately wounded.
The efreet gestures at you.
The fireball explodes!
The fireball engulfs you!
The fireball engulfs Dube!
Dube resists.
The tree burns like a torch!
The fireball engulfs the efreet.
The efreet completely resists.
You strike the helpless efreet from behind!
You hit the efreet. You headbutt the efreet.
The efreet is heavily wounded.
You are engulfed in blazing flames.
The efreet gestures at you.
The fireball explodes!
The fireball engulfs you!
The fireball engulfs Dube!
Dube resists.
The fireball engulfs the efreet.
The efreet completely resists.
Dube is engulfed in a forest fire.
You hit the efreet but do no damage.
The efreet is heavily wounded.
You are engulfed in blazing flames.
The efreet gestures at you.
The fireball explodes!
The fireball engulfs you!!
* * * LOW HITPOINT WARNING * * *
The fireball engulfs Dube!
Dube resists.
Dube is destroyed!
The fireball engulfs the efreet.
The efreet completely resists.
The forest fire spreads!
You are engulfed in blazing flames.
You die...

.#...#...#..#....#..###.........#
.#...#††.#..#....#...............
##...'...#..######...............
#....#####.......................
#................................
#................................
.........[................###+###
......########.########...#......
####### ♣♣♣....@§§♣ #.<.#...... #
#♣♣♣..##'##§§♣ #...#...... #
#R♣.♣.#...#R§.♣ #...#...... #
#♣.♣♣.#####.♣§.♣#...#R..... #
♣♣♣♣♣.....♣♣♣♣♣#...'.).... #
##♣.♣## #...###.... # ♣..♣
#.....##### # ♣.♣.♣♣ #..........
# ♣♣♣♣.♣ ♣ #..........


You could see an efreet.

Vanquished Creatures
  An ogre mage (D:9)
  A hydra (D:8)
  2 centaur warriors
  5 two-headed ogres
  A skeletal warrior (D:9)
  An ugly thing (D:11)
  A cyclops (D:11)
  A manticore (D:10)
  Joseph (D:9)
  A komodo dragon (D:11)
  2 trolls (D:10)
  Prince Ribbit (D:6)
  Grinder (D:3)
  15 yaks
  Sigmund (D:3)
  Eustachio (D:4)
  A steam dragon (D:9)
  An acid dragon (D:11)
  A water moccasin (D:9)
  Duvessa (D:4)
  An orc warrior (D:6)
  2 ice beasts
  The ghost of hawla the Sneak, an amateur FeFE (D:4)
  A sky beast (D:5)
  A necrophage (D:8)
  3 ogres
  2 centaurs (D:11)
  3 kobold brigands
  Blork the orc (D:4)
  2 gnoll sergeants
  4 scorpions
  A small abomination (D:4)
  Dowan (D:4)
  A water moccasin skeleton (D:6)
  6 killer bees
  3 wights
  A spectral centaur (D:9)
  6 howler monkeys
  4 centaur zombies
  2 hounds
  2 bullfrog skeletons
  2 centaur skeletons
  2 orc priests (D:7)
  Jessica (D:3)
  Ijyb (D:4)
  Natasha (thrice) (D:3)
  3 iguanas
  2 orc wizards
  A killer bee zombie (D:5)
  A hound skeleton (D:4)
  A howler monkey zombie (D:9)
  9 gnolls
  A howler monkey skeleton (D:9)
  5 adders
  3 adder skeletons (D:4)
  3 worms
  12 orcs
  10 endoplasms
  5 giant cockroaches
  6 goblins
  7 hobgoblins
  10 kobolds
  3 quokkas
  5 ball pythons
  7 bats
  5 frilled lizards
  8 rats
204 creatures vanquished.

Vanquished Creatures (collateral kills)
  A hydra (D:11)
  A two-headed ogre (D:11)
  Sonja (D:10)
  The ghost of Zeld the Geomancer, a novice GrEE (D:7)
  2 centaur zombies (D:11)
  An unseen horror (D:11)
  A komodo dragon (D:11)
  Psyche (D:8)
  2 trolls (D:11)
  9 yaks
  A shadow (D:9)
  A wyvern (D:10)
  2 small abominations (D:4)
  A hornet zombie (D:9)
  2 orc warriors
  A bullfrog (D:8)
  A scorpion (D:7)
  13 wights
  A howler monkey (D:10)
  A crimson imp (D:7)
  An orc priest (D:7)
  A gnoll shaman (D:9)
  A hound (D:7)
  A howler monkey zombie (D:7)
  3 gnolls (D:8)
  3 orcs
  A kobold (D:9)
55 creatures vanquished.

Vanquished Creatures (others)
  10 battlemagi
10 creatures vanquished.

Grand Total: 269 creatures vanquished

Notes
Turn   | Place    | Note
-------+----------+-------------------------------------------
     0 | D:1      | issech the Minotaur Monk began the quest for the Orb.
     0 | D:1      | Reached XP level 1. HP: 19/19 MP: 0/0
   177 | D:1      | Reached XP level 2. HP: 9/27 MP: 1/1
  1099 | D:1      | Found a faded altar of an unknown god.
  1229 | D:2      | Reached XP level 3. HP: 33/33 MP: 2/2
  1251 | D:2      | Reached skill level 1 in Armour
  1834 | D:3      | Noticed Sigmund
  1847 | D:3      | Killed Sigmund
  1848 | D:3      | Reached skill level 1 in Short Blades
  1848 | D:3      | Reached skill level 1 in Polearms
  1848 | D:3      | Reached XP level 4. HP: 41/41 MP: 3/3
  1848 | D:3      | Reached XP level 5. HP: 47/47 MP: 4/4
  2017 | D:3      | Noticed Jessica
  2022 | D:3      | Killed Jessica
  2274 | D:3      | Noticed Natasha
  2282 | D:3      | Killed Natasha
  2283 | D:3      | Reached XP level 6. HP: 53/53 MP: 5/5
  2313 | D:3      | Reached skill level 5 in Axes
  2319 | D:3      | Found a sparkling altar of Nemelex Xobeh.
  2326 | D:3      | Noticed Natasha
  2330 | D:3      | Killed Natasha
  2431 | D:3      | Noticed Grinder
  2440 | D:3      | Paralysed by Grinder for 7 turns
  2468 | D:3      | Paralysed by Grinder for 2 turns
  2471 | D:3      | Killed Grinder
  2472 | D:3      | Reached XP level 7. HP: 56/60 MP: 6/6
  2814 | D:4      | Found a transporter.
  2828 | D:4      | Noticed hawla's ghost (amateur FeFE)
  2914 | D:4      | Noticed Blork the orc
  2964 | D:4      | Killed Blork the orc
  2965 | D:4      | Reached skill level 5 in Fighting
  3367 | D:4      | Found a transporter.
  3455 | D:4      | Found Raciheb's Jewellery Shop.
  3544 | D:4      | Noticed a small abomination
  3638 | D:4      | Noticed Duvessa
  3638 | D:4      | Noticed Dowan
  3725 | D:3      | Noticed Natasha
  3729 | D:3      | Killed Natasha
  3930 | D:4      | Killed Duvessa
  4055 | D:4      | Killed Dowan
  4056 | D:4      | Reached skill level 5 in Armour
  4132 | D:4      | Found a one-way gate to the infinite horrors of the Abyss.
  4223 | D:4      | Found a radiant altar of Vehumet.
  4223 | D:4      | Found an iron altar of Okawaru.
  4443 | D:5      | Entered Level 5 of the Dungeon
  4449 | D:5      | Noticed Ijyb
  4449 | D:5      | Noticed Eustachio
  4502 | D:4      | Killed Eustachio
  4503 | D:4      | Reached XP level 8. HP: 68/69 MP: 7/7
  4560 | D:4      | Killed Ijyb
  4619 | D:5      | Reached skill level 5 in Dodging
  4635 | D:5      | Found a staircase to the Ecumenical Temple.
  4649 | Temple   | Entered the Ecumenical Temple
  5445 | D:6      | Reached skill level 1 in Throwing
  5982 | D:6      | Noticed Prince Ribbit
  6004 | D:6      | Killed Prince Ribbit
  6005 | D:6      | Reached skill level 5 in Short Blades
  6005 | D:6      | Reached XP level 9. HP: 62/77 MP: 8/8
  6383 | D:7      | Found a runed translucent gate.
  6383 | D:7      | Found a runed translucent gate.
  6385 | D:7      | Found a runed translucent gate.
  6392 | D:7      | Noticed Zeld's ghost (novice GrEE)
  7153 | D:7      | Noticed a centaur warrior
  7184 | D:7      | Identified the +1 robe of the Disturbing Deaths {Str+4}
  7367 | D:7      | Found a hazy altar of Hepliaklqana.
  7375 | D:7      | Became a worshipper of Hepliaklqana the Forgotten
  7375 | D:7      | Reached * piety under Hepliaklqana
  7375 | D:7      | Reached ** piety under Hepliaklqana
  7376 | D:7      | Remembered your ancestor Dube as a battlemage
  7531 | D:7      | Reached skill level 1 in Shields
  7990 | D:4      | Killed hawla's ghost
  8167 | D:7      | Killed Zeld's ghost
  8187 | D:7      | Killed a centaur warrior
  8188 | D:7      | Reached XP level 10. HP: 40/77 MP: 9/9
  8680 | D:7      | Found a burning altar of Makhleb.
  8680 | D:7      | Found a shimmering altar of Xom.
  9345 | D:8      | Found a staircase to the Lair.
  9396 | D:8      | Found an opulent altar of Gozag.
  9405 | D:8      | Reached skill level 1 in Maces & Flails
  9496 | D:8      | Noticed Psyche
  9556 | D:8      | Killed Psyche
 10174 | D:8      | Reached skill level 5 in Shields
 10250 | D:9      | Reached skill level 1 in Unarmed Combat
 10626 | D:9      | Noticed Joseph
 10642 | D:9      | Killed Joseph
 10643 | D:9      | Reached XP level 11. HP: 80/84 MP: 10/10
 10953 | D:9      | Noticed a skeletal warrior
 10967 | D:9      | Noticed a six-headed hydra
 10968 | D:9      | Killed a skeletal warrior
 10969 | D:9      | Reached skill level 5 in Maces & Flails
 11355 | D:8      | Killed a six-headed hydra
 12019 | D:9      | Found a runed translucent door.
 12019 | D:9      | Noticed a centaur warrior
 12019 | D:9      | Noticed a deep elf pyromancer
 12019 | D:9      | Noticed a boulder beetle
 12020 | D:9      | Found a runed translucent door.
 12021 | D:9      | Found a runed translucent door.
 12021 | D:9      | Noticed a green ugly thing
 12104 | D:10     | Entered Level 10 of the Dungeon
 12413 | D:10     | Found Hasiluan's Distillery.
 12416 | D:10     | Bought a potion of degeneration for 14 gold pieces
 12642 | D:10     | Noticed a two-headed ogre
 12644 | D:10     | Noticed a two-headed ogre
 12644 | D:10     | Noticed a two-headed ogre
 12644 | D:10     | Noticed a two-headed ogre
 12646 | D:10     | Noticed an ogre mage
 12649 | D:10     | Noticed a two-headed ogre
 12683 | D:9      | Killed a two-headed ogre
 12783 | D:9      | Killed a two-headed ogre
 13023 | D:9      | Killed an ogre mage
 13067 | D:9      | Killed a two-headed ogre
 13175 | D:10     | Killed a two-headed ogre
 13392 | D:10     | Killed a two-headed ogre
 13393 | D:10     | Reached XP level 12. HP: 91/94 MP: 11/11
 13409 | D:10     | Noticed Sonja
 13421 | D:10     | Killed Sonja
 13609 | D:10     | Reached *** piety under Hepliaklqana
 13764 | D:11     | Noticed a four-headed hydra
 13771 | D:11     | Killed a four-headed hydra
 13966 | D:11     | Noticed a centaur warrior
 13967 | D:11     | Noticed a tengu warrior
 13968 | D:11     | Noticed a two-headed ogre
 13970 | D:11     | Reached skill level 10 in Maces & Flails
 14276 | D:11     | Killed a centaur warrior
 14277 | D:11     | Reached skill level 10 in Fighting
 14742 | D:11     | Found a staircase to the Orcish Mines.
 14742 | D:11     | Noticed a two-headed ogre
 14749 | D:11     | Killed a two-headed ogre
 14806 | D:11     | Gained mutation: You have a pair of large horns on your
                  | head. [potion of mutation]
 14806 | D:11     | Gained mutation: You are frail. (-10% HP) [potion of
                  | mutation]
 14806 | D:11     | Lost mutation: You are frail. (-10% HP) [potion of
                  | mutation]
 15117 | D:11     | Engulfed by an efreet's flame

Illustrated notes

Levels and vault maps discovered:
D:1:      denvon_arrival_waterhouse, layout_loops_cross,
          dilly_ecumenical_altar_fadedgnrine, st_stairs_10,
          corexii_leaking_fountain
D:2:      layout_rooms
D:3:      layout_basic, nemelex_diamond_rough_becter, hangedman_feature_mirror,
          uniq_grinder, uniq_jessica, uniq_natasha, uniq_sigmund
D:4:      layout_gridville, jmf_multi_god_temple,
          gammafunk_ghost_abyssal_escape, minmay_shop_enchanted_jewellery,
          uniq_duvessa, uniq_blork_the_orc
D:5:      layout_loops_cross, minmay_temple_entry_large_hall, uniq_ijyb,
          uniq_eustachio
D:6:      layout_loops_ring, uniq_prince_ribbit1
D:7:      layout_loops_ring, grunt_temple_overflow_champion_of_chaos,
          nicolae_hepliaklqana_hippocampus, gammafunk_ghost_split
D:8:      layout_basic, grunt_gozag_breadcrumbs, lair_entry_dummy,
          glass_columns_a, uniq_psyche
D:9:      minmay_the_grid_triangle_9x9_rhombus_full
          [minmay_the_grid_triangle_9x9_stretched_checkered,
          minmay_the_grid_triangle_9x9_limited_checkers,
          minmay_the_grid_triangle_9x9_pentomino_pain,
          minmay_the_grid_triangle_9x9_semitri,
          minmay_the_grid_triangle_9x9_fully_insulated_deathbox,
          minmay_the_grid_triangle_9x9_flanged_cone,
          minmay_the_grid_triangle_9x9_tough_junction,
          minmay_the_grid_triangle_9x9_prize_schism], layout_gridville,
          serial_park_tiny_1, nicolae_concentric_dashed_squares_mild,
          hangedman_abyss_or_decor_jellyfish_corner, hangedman_weighted_door,
          uniq_joseph
D:10:     layout_basic, serial_shops, kennysheep_mini_moat, grunt_ministairs_2,
          dk_noncrumbling_4, uniq_sonja
D:11:     nzn_winding_woodlands_three_and_one [nzn_winding_woodlands_5x15_cabin,
          nzn_winding_woodlands_5x15_jagged,
          nzn_winding_woodlands_5x15_sawtooth,
          nzn_winding_woodlands_center_garden], layout_irregular_city,
          orc_0_dummy
Temple:   eino_wide_crystal_templ

Skill      XL: |  1  2  3  4  5  6  7  8  9 10 11 12 |
---------------+-------------------------------------+-----
Axes           | 4 5 6 7 |  7.2
Fighting       | 4 5 6 7 9 10 | 10.1
Armour         | 2 3 4 5 6 8 9 |  9.8
Short Blades   | 1 2 3 5 7 8 |  8.2
Polearms       | 1 2 |  2.3
Dodging        | 4 5 7 8 9 |  9.4
Stealth        | 2 3 4 |  4.5
Throwing       | 1 |  1.6
Shields        | 3 6 7 9 |  9.2
Maces & Flails | 4 9 10 | 10.8
Unarmed Combat | 1 |  1.1

Action                   |  1- 3 |  4- 6 |  7- 9 | 10-12 || total
-------------------------+-------+-------+-------+-------++-------
Melee: Hand axe          |    38 |    43 |    65 |       ||   146
       Headbutt          |     8 |     9 |    82 |    75 ||   174
       Dagger            |    41 |       |    25 |       ||    66
       Spear             |    12 |       |       |       ||    12
       Short sword       |       |       |   256 |    16 ||   272
       Punch             |       |       |     7 |       ||     7
       Unarmed           |       |       |     3 |     3 ||     6
       Flail             |       |       |       |   285 ||   285
Throw: Stone             |       |     4 |     9 |     6 ||    19
Invok: Ancestor Life: Ba |       |       |     1 |       ||     1
  Use: Scroll            |       |       |       |     8 ||     8
       Potion            |       |       |       |     7 ||     7
 Stab: Sleeping          |     1 |       |     1 |     3 ||     5
       Distracted        |       |       |       |    11 ||    11
Armor: Robe              |    10 |       |       |       ||    10
       Chain mail        |    39 |    10 |    17 |       ||    66
       Ring mail         |       |       |   109 |   103 ||   212
Dodge: Dodged            |    54 |    26 |   263 |   275 ||   618
Block: Kite shield       |       |       |    50 |   241 ||   291
